 Dungeon Crawl Stone Soup version 0.18.1-48-g4cf74bf (webtiles) character file.

77 Alarkh the Shooter (level 4, -2/33 HPs)
             Began as a Mummy Hunter on Sept 7, 2016.
             Slain by a river rat (7 damage)
             ... on level 3 of the Dungeon.
             The game lasted 00:03:48 (1607 turns).

Alarkh the Shooter (Mummy Hunter)                   Turns: 1607, Time: 00:03:49

Health: -2/33      AC:  3    Str: 15    XL:     4   Next: 14%
Magic:  4/4        EV: 11    Int: 11    God:
Gold:   79         SH:  0    Dex: 12    Spells: 0 memorised, 3 levels left

rFire  x . .     SeeInvis .     a - +1 shortbow
rCold  + . .     Gourm    .     c - +0 leather armour
rNeg   + + +     Faith    .     (shield currently unavailable)
rPois  ∞         Spirit   .     (no helmet)
rElec  .         Dismiss  .     (no cloak)
rCorr  .         Reflect  .     (no gloves)
SustAt .         Harm     .     (no boots)
MR     +....                    (no amulet)
Stlth  +.........               (no ring)
                                k - ring of protection from magic

@: somewhat resistant to hostile enchantments, very unstealthy
A: no food or potions, fire vulnerability, cold resistance 1, negative energy
resistance 3, torment resistance, unbreathing
a: no special abilities


You were on level 3 of the Dungeon.
You were not hungry.

You visited 1 branch of the dungeon, and saw 3 of its levels.

You collected 79 gold pieces.

Inventory:

Hand Weapons
 a - a +1 shortbow (weapon)
 b - a +0 short sword
Missiles
 d - 4 arrows (quivered)
Armour
 c - a +0 leather armour (worn)
Jewellery
 k - a ring of protection from magic (left hand)
Wands
 j - a wand of slowing (21/48)
 p - a wand of acid (7/15)
Scrolls
 e - a scroll of identify
 f - 2 scrolls of teleportation
 g - 2 scrolls of magic mapping
 h - a scroll of recharging {unknown}
 i - a scroll of noise {unknown}
 l - a scroll of random uselessness {unknown}
 o - a scroll of amnesia {unknown}
Miscellaneous
 m - a plain deck of war
 n - an ornate deck of war {Water}


   Skills:
 - Level 2.0 Fighting
 + Level 4.7 Bows
 - Level 1.5 Dodging
 - Level 0.7 Stealth


You had 3 spell levels left.
You didn't know any spells.

Dungeon Overview and Level Annotations

Branches:
Dungeon (3/15)

Altars:
Nemelex Xobeh
Pakellas

Portals:
Sewer: D:3

Annotations:
D:2 Sigmund


Innate Abilities, Weirdness & Mutations

You do not eat or drink.
Your flesh is vulnerable to fire.
You are immune to poison.
Your flesh is cold resistant.
You are immune to negative energy.
You are immune to unholy pain and torment.
You can survive without breathing.


Message History

Press: ? - help, Shift-Dir - straight line, f - hobgoblin
Aim: a hobgoblin, wielding a club You shoot an arrow.
The arrow hits the hobgoblin!
You kill the hobgoblin!
Firing (i - inventory):
d - 6 arrows (quivered)
Press: ? - help, Shift-Dir - straight line, f - river rat
Aim: a river rat You shoot an arrow.
The arrow hits the river rat.
The river rat is moderately wounded.
The river rat bites you.
* * * LOW HITPOINT WARNING * * *
Firing (i - inventory):
d - 5 arrows (quivered)
Press: ? - help, Shift-Dir - straight line, f/p - river rat
Aim: a river rat (moderately wounded)
You shoot an arrow.
The arrow completely misses the river rat.
The arrow hits the giant cockroach.
You kill the giant cockroach!
The river rat bites you!
You die...

#.#.#..#)#
#.#.#..#.#
#.#.#..#.#
#.#.#..#.#
#>#....#.#
#.#.#.##.#
###.#.#.##.#
#........#.#
#@######...#
#r#≈≈≈r#...#
#(K≈≈s≈#......#
#l#≈≈∩≈#..###.#
#.#≈≈≈≈#..# #
#h# ≈≈≈#[<# #.#
####..# #..
....# ... ##.#


You could see a river rat, a jackal, a kobold and a giant newt.

Vanquished Creatures
  2 adders (D:3)
  2 oozes
  A worm (D:2)
  A dart slug (D:1)
  An orc (D:3)
  2 ball pythons
  9 bats
  4 giant cockroaches
  4 goblins
  3 hobgoblins
  2 jackals (D:3)
  6 kobolds
  A giant newt (D:1)
  6 rats
44 creatures vanquished.

Notes
Turn   | Place    | Note
--------------------------------------------------------------
     0 | D:1      | Alarkh the Mummy Hunter began the quest for the Orb.
     0 | D:1      | Reached XP level 1. HP: 16/16 MP: 1/1
   100 | D:1      | Reached XP level 2. HP: 17/22 MP: 2/2
   648 | D:2      | Reached skill level 4 in Bows
   703 | D:2      | Reached XP level 3. HP: 17/27 MP: 3/3
   767 | D:2      | Found an oddly glowing altar of Pakellas.
   909 | D:2      | Found a faded altar to an unknown god.
  1082 | D:2      | Became a worshipper of Nemelex Xobeh the Trickster
  1082 | D:2      | Received a gift from Nemelex Xobeh
  1082 | D:2      | Reached * piety under Nemelex Xobeh
  1082 | D:2      | Received a gift from Nemelex Xobeh
  1082 | D:2      | Fell from the grace of Nemelex Xobeh
  1307 | D:2      | Noticed Sigmund
  1468 | D:3      | HP: 1/27 [orc/falchion (6)]
  1595 | D:3      | Found a glowing drain.
  1601 | D:3      | Reached XP level 4. HP: 9/33 MP: 4/4
  1607 | D:3      | Slain by a river rat

Skill      XL: |  1  2 |
---------------+-------+-----
Bows           | 4 |  4.7
Fighting       | |  2.0
Dodging        | |  1.5
Stealth        | |  0.7

Action                   |  1- 3 |  4- 6 || total
-------------------------+-------+-------++-------
Melee: Short sword       |   142 |       ||   142
 Fire: Shortbow          |    30 |     6 ||    36
Invok: Renounce Religion |     1 |       ||     1
  Use: Scroll            |     3 |       ||     3
 Stab: Sleeping          |     2 |       ||     2
Armor: Leather armour    |    54 |       ||    54
Dodge: Dodged            |    94 |     1 ||    95
